 Dungeon Crawl Stone Soup version 0.21.0-3-g78d12a8 (webtiles) character file.

9125 microfolk the Protected (level 11, -24/100 HPs)
             Began as a Minotaur Fighter on Jan 13, 2018.
             Was a High Priest of Okawaru.
             Killed from afar by a deep elf mage (27 damage)
             ... with a bolt of fire
             ... in a bailey on Jan 14, 2018.
             The game lasted 00:27:41 (9209 turns).

microfolk the Protected (Minotaur Fighter)          Turns: 9209, Time: 00:27:42

Health: -24/100    AC: 19    Str: 26    XL:     11   Next: 18%
Magic:  0/15       EV: 10    Int:  5    God:    Okawaru [*****.]
Gold:   412        SH: 14    Dex: 10    Spells: 10/10 levels left

rFire    . . .     SeeInvis .   a - +1 war axe
rCold    + . .     Gourm    .   c - +0 shield
rNeg     . . .     Faith    .   H - +1 plate armour
rPois    +         Spirit   +   (helmet unavailable)
rElec    .         Reflect  .   j - scarf {Spirit}
rCorr    .         Harm     .   L - +0 pair of gloves
MR       +....                  (no boots)
Stlth    ..........             b - amulet of rage
HPRegen  0.00/turn              E - ring of protection from cold
MPRegen  0.14/turn              A - ring of protection from magic

@: liquid flames, heroism, glowing
A: retaliatory headbutt, horns 3, poison resistance, inhibited regeneration,
strong 1
a: Heroism, Finesse, Renounce Religion, Evoke Berserk Rage


You were in a bailey.
You worshipped Okawaru.
Okawaru was extremely pleased with you.
You were not hungry.

You visited 1 branch of the dungeon, and saw 10 of its levels.
You also visited: Ossuary and Bailey.

You collected 412 gold pieces.

Inventory:

Hand Weapons
 a - a +1 war axe (weapon)
 K - a +0 hunting sling
Missiles
 e - 188 stones (quivered)
Armour
 c - a +0 shield (worn)
 j - a scarf of spirit shield (worn)
 H - a +1 plate armour (worn)
 L - a +0 pair of gloves (worn)
Jewellery
 b - an amulet of rage (around neck)
 k - an uncursed ring of poison resistance
 q - a +2 ring of intelligence
 A - a ring of protection from magic (right hand)
 C - a +1 ring of evasion
 E - a ring of protection from cold (left hand)
Wands
 n - a wand of paralysis (10)
Scrolls
 i - 3 scrolls of immolation
 m - a scroll of fog
 o - 2 scrolls of blinking
 r - 3 scrolls of enchant armour
 s - 2 scrolls of fear
 u - 4 scrolls of remove curse
 w - 4 scrolls of teleportation
 y - a scroll of noise
 I - a scroll of enchant weapon
 M - a scroll of identify
Potions
 d - 2 potions of might
 g - 3 potions of cancellation
 h - 2 potions of haste
 l - 2 potions of agility
 p - 3 potions of resistance
 t - 2 potions of invisibility
 v - 3 potions of lignification
 x - a potion of ambrosia
 z - a potion of heal wounds
 B - 3 potions of flight
 D - 2 potions of curing
 G - 2 potions of berserk rage
Comestibles
 f - 16 rations
 F - a chunk of flesh


   Skills:
 + Level 10.2(15.2) Fighting
 + Level 9.8(14.8) Axes
 + Level 10.2(15.2) Armour
 + Level 10.2(15.2) Shields
 + Level 7.1 Invocations


You had 10 spell levels left.
You didn't know any spells.

Dungeon Overview and Level Annotations

Branches:
Dungeon (10/15)            Temple (0/1) D:6            Lair (0/6) D:8
    Orc: D:9-12

Altars:
Elyvilon
Fedhas
Makhleb
Nemelex Xobeh
Okawaru
Qazlal
Sif Muna
Trog
Vehumet
Wu Jian
Yredelemnul
Zin
The Shining One

Shops:
D:8 }   D:9 *   D:10 :


Innate Abilities, Weirdness & Mutations

You reflexively headbutt those who attack you in melee.
You have a pair of large horns on your head.
Your system is resistant to poisons. (rPois)
You do not regenerate when monsters are visible.
Your muscles are strong. (Str +2)


Message History

The deep elf mage is almost dead.
You hear a shout!
You slice the deep elf mage!!
You kill the deep elf mage!
Okawaru accepts your kill. Something appears at your feet!
Okawaru grants you armour!
You barely miss the deep elf mage. Your headbutt misses the deep elf mage.
The deep elf mage is almost dead.
The deep elf mage points at you and mumbles some strange words.
The sticky flame hits you!
You are covered in liquid flames!
* * * LOW HITPOINT WARNING * * *
You hit the deep elf mage.
The deep elf mage is almost dead.
You are covered in liquid flames!
* * * LOW HITPOINT WARNING * * *
The deep elf mage points at you and mumbles some strange words.
The bolt of fire hits you!
You die...

.## ##..
#.... #....
.... ..#
#e#####
#@...##
#.....#
#..∩..#
#.....#
##...###
####'##..#
##...##....#
#....)#....#
#..∩..##..##


You could see a deep elf mage.

Vanquished Creatures
  Pikel (D:6)
  5 deep elf magi (Bailey)
  A troll (D:9)
  Prince Ribbit (D:6)
  3 hippogriffs (D:8)
  Sigmund (D:4)
  The ghost of wazuzu the Conjurer, an amateur TeWz (D:4)
  A wyvern (D:9)
  Eustachio (D:4)
  A hungry ghost (D:8)
  Edmund (D:6)
  3 orc warriors
  2 sky beasts
  2 ice beasts
  An eye of draining (D:7)
  3 black bears
  A phantom (D:5)
  4 ogres
  2 centaurs
  A big kobold (D:9)
  An elf zombie (D:5)
  5 elf skeletons (D:5)
  11 scorpions (Ossuary)
  4 howler monkeys
  6 killer bees (D:7)
  2 centaur zombies (Ossuary)
  3 crimson imps
  A bullfrog zombie (D:5)
  5 human zombies
  A centaur skeleton (D:2)
  4 hounds
  3 jellies
  5 orc priests
  12 orc wizards
  2 bullfrog skeletons
  Crazy Yiuf (D:3)
  Jessica (D:3)
  5 iguanas
  Terence (D:3)
  Natasha (thrice) (D:4)
  3 human skeletons (D:5)
  5 worker ants
  3 big kobold zombies (Ossuary)
  A hound zombie (D:9)
  3 mummies (Ossuary)
  6 scorpion zombies (Ossuary)
  3 adders
  2 adder skeletons
  2 worms
  2 dart slugs
  8 leopard geckos
  42 orcs
  4 giant cockroaches
  12 goblins
  9 hobgoblins
  7 jackals (D:2)
  4 quokkas
  2 ball pythons
  4 bats
  5 frilled lizards
  A gnoll zombie (Ossuary)
  4 goblin zombies (Ossuary)
  A jackal skeleton (D:5)
  8 kobolds
  3 kobold zombies (Ossuary)
  A leopard gecko zombie (D:5)
  2 orc zombies
  10 rats
269 creatures vanquished.

Vanquished Creatures (others)
  A plant (D:2)
1 creature vanquished.

Grand Total: 270 creatures vanquished

Notes
Turn   | Place    | Note
-------+----------+-------------------------------------------
     0 | D:1      | microfolk the Minotaur Fighter began the quest for the Orb.
     0 | D:1      | Reached XP level 1. HP: 19/19 MP: 0/0
   158 | D:1      | Reached XP level 2. HP: 27/27 MP: 1/1
   352 | D:1      | You fall through a shaft!
   389 | D:2      | Found an iron altar of Okawaru.
   521 | D:2      | Became a worshipper of Warmaster Okawaru
   641 | D:2      | Reached XP level 3. HP: 33/33 MP: 2/2
  1018 | D:2      | Reached XP level 4. HP: 41/41 MP: 1/3
  1083 | D:2      | Noticed an ogre
  1255 | D:2      | Gained mutation: You have a pair of large horns on your head. [potion of mutation]
  1255 | D:2      | Gained mutation: Your muscles are strong. (Str +2) [potion of mutation]
  1255 | D:2      | Gained mutation: You do not regenerate when monsters are visible. [potion of mutation]
  1255 | D:2      | Gained mutation: Your system is resistant to poisons. (rPois) [potion of mutation]
  1661 | D:3      | Found a burning altar of Makhleb.
  1661 | D:3      | Noticed a balrug
  1664 | D:3      | Noticed a hellwing
  1664 | D:3      | Noticed a smoke demon
  1706 | D:3      | Reached XP level 5. HP: 46/47 MP: 4/4
  1832 | D:3      | Found a glowing silver altar of Zin.
  1832 | D:3      | Found a glowing golden altar of the Shining One.
  1832 | D:3      | Found a white marble altar of Elyvilon.
  1835 | D:3      | Noticed Terence
  1855 | D:3      | Killed Terence
  1960 | D:3      | Reached skill level 5 in Fighting
  1971 | D:3      | Reached skill level 5 in Armour
  1971 | D:3      | Reached skill level 5 in Shields
  1984 | D:3      | Reached * piety under Okawaru
  2060 | D:3      | Reached XP level 6. HP: 47/56 MP: 5/5
  2185 | D:3      | Found a runed door.
  2189 | D:3      | Noticed Crazy Yiuf
  2195 | D:3      | Killed Crazy Yiuf
  2582 | D:3      | Found a faded altar of an unknown god.
  2586 | D:3      | Noticed Jessica
  2599 | D:3      | Killed Jessica
  2784 | D:4      | Noticed Sigmund
  2792 | D:4      | Noticed wazuzu's ghost (amateur TeWz)
  2987 | D:4      | Found a bloodstained altar of Trog.
  2997 | D:4      | Found a stormy altar of Qazlal.
  2999 | D:4      | Found a blossoming altar of Fedhas.
  3037 | D:4      | Found a radiant altar of Vehumet.
  3038 | D:4      | Found a deep blue altar of Sif Muna.
  3051 | D:4      | Noticed Natasha
  3056 | D:4      | Killed Natasha
  3080 | D:4      | Noticed Natasha
  3083 | D:4      | Killed Natasha
  3196 | D:4      | Noticed Natasha
  3207 | D:4      | Killed Natasha
  3207 | D:4      | Reached skill level 1 in Invocations
  3207 | D:4      | Reached XP level 7. HP: 62/62 MP: 3/6
  3241 | D:4      | Noticed Eustachio
  3251 | D:4      | Killed Eustachio
  3251 | D:4      | Reached skill level 5 in Axes
  3378 | D:4      | Killed Sigmund
  3445 | D:4      | Killed wazuzu's ghost
  3445 | D:4      | Reached ** piety under Okawaru
  3684 | D:5      | Entered Level 5 of the Dungeon
  3702 | D:5      | Reached XP level 8. HP: 71/71 MP: 8/8
  3714 | D:5      | Found a sand-covered staircase.
  3732 | Ossuary  | Entered an ossuary
  4269 | D:5      | Reached XP level 9. HP: 79/79 MP: 9/11
  4345 | D:5      | Reached *** piety under Okawaru
  5106 | D:6      | Found a staircase to the Ecumenical Temple.
  5147 | D:6      | Noticed Pikel
  5162 | D:6      | Killed Pikel
  5162 | D:6      | Reached skill level 5 in Invocations
  5235 | D:6      | Noticed Edmund
  5244 | D:6      | Killed Edmund
  5244 | D:6      | Reached **** piety under Okawaru
  5306 | D:6      | Found an ornate altar of the Wu Jian Council.
  5567 | D:6      | Found a bloodstained altar of Trog.
  5750 | D:6      | Noticed Prince Ribbit
  6017 | D:6      | Killed Prince Ribbit
  6017 | D:6      | Reached XP level 10. HP: 77/90 MP: 10/13
  7323 | D:8      | Found a basalt altar of Yredelemnul.
  7457 | D:8      | Found a sparkling altar of Nemelex Xobeh.
  7679 | D:8      | Found Fazxolisi's Gadget Emporium.
  7839 | D:8      | Found a staircase to the Lair.
  8790 | D:9      | Found Cousigoe's Assorted Antiques.
  8799 | D:9      | Reached ***** piety under Okawaru
  8998 | D:10     | Entered Level 10 of the Dungeon
  9006 | D:10     | Found Quijumn's Book Shoppe.
  9039 | D:10     | Found a flagged portal.
  9052 | Bailey   | Entered a bailey
  9059 | Bailey   | Noticed a deep elf mage
  9074 | Bailey   | Killed a deep elf mage
  9074 | Bailey   | Reached skill level 10 in Fighting
  9166 | Bailey   | Noticed a deep elf mage
  9168 | Bailey   | Noticed a deep elf mage
  9178 | Bailey   | Killed a deep elf mage
  9178 | Bailey   | Reached skill level 10 in Armour
  9178 | Bailey   | Reached skill level 10 in Shields
  9178 | Bailey   | Reached XP level 11. HP: 82/99 MP: 11/15
  9179 | Bailey   | Noticed a deep elf mage
  9190 | Bailey   | Killed a deep elf mage
  9191 | Bailey   | Noticed a deep elf mage
  9204 | Bailey   | Killed a deep elf mage
  9205 | Bailey   | Noticed a deep elf mage
  9207 | Bailey   | Killed a deep elf mage
  9207 | Bailey   | Received a gift from Okawaru
  9208 | Bailey   | HP: 5/100 [deep elf mage/sticky flame (5)]
  9209 | Bailey   | Killed from afar by a deep elf mage

Skill      XL: |  1  2  3  4  5  6  7  8  9 10 11 |
---------------+----------------------------------+-----
Fighting       | 4 5 6 7 8 10 | 10.2
Shields        | 4 5 6 7 8 10 | 10.2
Armour         | 4 5 6 7 8 10 | 10.2
Axes           | 3 4 5 6 8 9 |  9.8
Invocations    | 1 2 4 5 6 7 |  7.1

Action                   |  1- 3 |  4- 6 |  7- 9 | 10-12 || total
-------------------------+-------+-------+-------+-------++-------
Melee: War axe           |    77 |   159 |   338 |   258 ||   832
       Headbutt          |     7 |    30 |    73 |    49 ||   159
Invok: Heroism           |       |     4 |    15 |    12 ||    31
  Use: Scroll            |     1 |     8 |    11 |     5 ||    25
       Potion            |       |     1 |       |       ||     1
  Eat: Chunk             |       |     8 |     5 |     9 ||    22
       Ration            |       |       |     1 |     1 ||     2
Armor: Scale mail        |    21 |       |       |       ||    21
       Chain mail        |    14 |    88 |    85 |       ||   187
       Plate armour      |       |       |    11 |    87 ||    98
Dodge: Dodged            |    25 |    44 |    47 |    46 ||   162
Block: Shield            |    42 |    90 |   144 |   146 ||   422
